 Dungeon Crawl Stone Soup version 0.31-a0-978-g1e14348 (webtiles) character file.

Game seed: 15868379233328023418

15503 UnitSub the Skirmisher (level 11, -15/101 HPs)
             Began as a Demigod Hunter on Oct 30, 2023.
             Demolished by Donald
             ... wielding a +2 heavy long sword
              (19 damage)
             ... on level 2 of the Orcish Mines.
             The game lasted 00:20:12 (10792 turns).

UnitSub the Skirmisher (Demigod Hunter)            Turns: 10792, Time: 00:20:12

Health: -15/101    AC:  8    Str: 12    XL:     11   Next: 70%
Magic:  14/14      EV: 12    Int: 11    God:
Gold:   812        SH:  5    Dex: 29    Spells: 10/10 levels left

rFire   + + .        o - +4 hand cannon (drain)
rCold   + . .        (no shield)
rNeg    . . .        H - +3 troll leather armour
rPois   .            e - +0 helmet
rElec   .            g - scarf {rC+ rF+}
rCorr   .            c - +0 pair of gloves
SInv    .            (no boots)
Will    +....        u - amulet of reflection
Stlth   ++           m - ring of protection from fire
HPRegen 1.16/turn    t - +4 ring of slaying
MPRegen 0.14/turn

%: reflection
@: about to teleport
A: high MP 1, forlorn, divine attributes
a: no special abilities


You were on level 2 of the Orcish Mines.
You visited 2 branches of the dungeon, and saw 14 of its levels.

You collected 1231 gold pieces.
You spent 419 gold pieces at shops.

Inventory:

Hand Weapons
 o - a +4 hand cannon of draining (weapon)
Missiles
 d - 46 poisoned darts
 B - a throwing net
Armour
 c - a +0 pair of gloves (worn)
 e - a +0 helmet (worn)
 g - a scarf of resistance (worn)
 H - a +3 troll leather armour (worn)
Jewellery
 a - the ring of Linearity {rElec rF- AC+4 Str+3}
   (You found it on level 7 of the Dungeon)

   [ring of protection]

   AC+4:      It affects your AC (+4).
   Str+3:     It affects your strength (+3).
   rF-:       It makes you vulnerable to fire.
   rElec:     It insulates you from electricity.
 m - a ring of protection from fire (left hand)
 t - a +4 ring of slaying (right hand)
 u - an amulet of reflection (around neck)
Wands
 k - a wand of iceblast (3)
 v - a wand of flame (34)
 y - a wand of mindburst (18)
 D - a wand of polymorph (3)
Scrolls
 h - 3 scrolls of fog
 l - 2 scrolls of immolation
 n - a scroll of vulnerability
 p - a scroll of amnesia
 E - a scroll of blinking
Potions
 j - 4 potions of attraction
 w - a potion of might {unknown}
 F - 2 potions of curing


   Skills:
 - Level 10.9 Fighting
 * Level 14.3 Ranged Weapons
 + Level 3.9 Armour
 - Level 1.7 Dodging
 - Level 0.8 Stealth


You had 10 spell levels left.
You didn't know any spells.
Your spell library contained the following spells:

 Spells                   Type           Power      Damage    Failure   Level
 Sublimation of Blood     Necr           0%         N/A       56%         2
 Wereblood                Tmut           0%         N/A       56%         2
 Inner Flame              Hex/Fire       0%         N/A       80%         3
 Ozocubu's Armour         Ice            0%         N/A       80%         3
 Leda's Liquefaction      Hex/Erth       0%         N/A       99%         4
 Lee's Rapid Deconstruct  Erth           0%         3d4*      100%        5
 Summon Forest            Summ/Tloc      0%         N/A       100%        5
 Summon Mana Viper        Hex/Summ       0%         N/A       100%        5
 Yara's Violent Unravell  Hex/Tmut       0%         3d3       100%        5
 Bombard                  Conj/Erth      0%         9d1       100%        6
 Summon Cactus Giant      Summ           0%         N/A       100%        6
 Enfeeble                 Hex            0%         N/A       100%        7
 Ozocubu's Refrigeration  Ice            0%         4d7       100%        7
 Summon Hydra             Summ           0%         N/A       100%        7


Dungeon Overview and Level Annotations

Branches:
Dungeon (12/15)            Temple (0/1) D:6            Lair (0/5) D:10
    Orc (2/2) D:10            Elf (0/3) Orc:2

Shops:
D:4 *   D:9 (=:[   Orc:2 [*

Annotations:
D:9 6 transporters
D:12 Snorg
Orc:2 Donald


Innate Abilities, Weirdness & Mutations

You have an increased reservoir of magic. (+10% MP)
You shall have no god before yourself.
Your divine heritage dramatically boosts your attributes as you level up.


Message History

Donald says, "Don't you get lonely without a god?"
Donald says, "Have you ever seen an orcish miner?
Me neither."
Donald is nearby!
Donald says, "I hope I haven't come all this way for a glorified paperweight."
Found Onas's General Store.
Donald is nearby!
Donald says, "Why is it so dark?
Have they never heard of torches?"
A troll comes into view.
Donald says, "I wonder if there's an end to this place."
Donald is nearby!
Donald says, "I asked for directions to the rune, but they belched at me."
Donald attacks as he pursues you!
Donald hits you with a +2 heavy long sword.
Found Emypnug's Antique Armour Shop.
Donald says, "I hate atheists."
The orc shouts!
Donald says, "I hate the gods."
Donald says, "Maybe I'll visit Hell next."
The troll shouts!
Your extra speed is starting to run out.
A cyclops comes into view.
The cyclops shouts!
Donald says, "I asked for directions to the rune, but they belched at me."
The cyclops throws a large rock.
The large rock hits you!!
The cyclops throws a large rock.
The large rock closely misses you.
Donald says, "Orcs smell really bad.
Yuck."
Donald says, "I hate the gods."
As you read the scroll of teleportation, it crumbles to dust.
You feel strangely unstable.
Donald says, "I hate the gods, and the gods hate me."
Donald kicks a rock and scowls.
Donald hits you with a +2 heavy long sword!!
* * * LOW HITPOINT WARNING * * *
You feel yourself slow down.
The cyclops throws a large rock.
The large rock hits you!!
* * * LOW HITPOINT WARNING * * *
Donald says, "I hate atheists."
Donald hits you with a +2 heavy long sword!!
You die...
Donald says, "I won.
I... don't hate that."

#### #.....C)..............#
##..###....................##
.....#.[......#..##.........#
....#..[._..##...##..P.P....#
..>..).......#....#......P..#
.....).C....##...o.P..8....P..
.....)##....#................#.
...........(...##@PP...∩...P..
.....<.........#@.P......
..........###.##.........
.....[.....### #.....P...
....C...#.## #..#..P...
#..C...##.# ........PP
......... . ..##...###
.C....... . .... ..## <..#.....
.... . .)......


You could see Donald (fast, strong) and an orc.

Vanquished Creatures
  Erica (D:8)
  A two-headed ogre (D:11)
  Nergalle (D:10)
  A manticore (D:12)
  3 cyclopes (Orc:2)
  A black mamba (shapeshifter) (D:10)
  Joseph (D:8)
  A gargoyle (D:11)
  2 kobold demonologists
  An unseen horror (D:11)
  3 trolls
  A hornet (D:7)
  9 yaks
  4 wyverns
  3 wraiths
  A yak (shapeshifter) (D:10)
  A steam dragon (D:9)
  A warg (Orc:2)
  2 water moccasins
  12 orc warriors
  A sky beast (D:8)
  2 black bears
  An ice beast (D:6)
  2 wolves (D:10)
  7 centaurs
  3 ogres
  A phantom (D:5)
  2 kobold brigands
  Blork the orc (D:6)
  5 bullfrogs
  3 scorpions
  5 wights (D:9)
  19 killer bees
  5 electric eels
  3 howler monkeys
  10 hounds
  3 jellies (D:6)
  A gnoll bouda (D:8)
  19 orc priests
  4 sleepcaps
  5 iguanas
  21 orc wizards
  A statue (D:4)
  10 gnolls
  8 adders
  3 shadow imps (D:6)
  An ufetubus (D:5)
  3 worms
  4 dart slugs
  54 orcs
  6 ball pythons
  12 endoplasms
  4 giant cockroaches
  4 goblins
  8 hobgoblins
  12 jackals (D:1)
  2 quokkas
  6 bats
  5 frilled lizards
  18 kobolds
  2 rats
336 creatures vanquished.

Vanquished Creatures (others)
  A kobold brigand (D:7)
1 creature vanquished.

Grand Total: 337 creatures vanquished

Notes
Turn   | Place    | Note
-------+----------+-------------------------------------------
     0 | D:1      | UnitSub the Demigod Hunter began the quest for the Orb.
     0 | D:1      | Reached XP level 1. HP: 17/17 MP: 3/3
    68 | D:1      | Reached XP level 2. HP: 24/24 MP: 4/4
   123 | D:1      | Reached skill level 4 in Ranged Weapons
   284 | D:1      | Reached XP level 3. HP: 30/30 MP: 5/5
   911 | D:2      | Reached XP level 4. HP: 38/38 MP: 6/6
  2021 | D:4      | Found Som Okem's Neck Hole.
  2067 | D:4      | Reached skill level 5 in Ranged Weapons
  2067 | D:4      | Reached XP level 5. HP: 44/46 MP: 7/7
  2594 | D:4      | Reached XP level 6. HP: 53/53 MP: 8/8
  2680 | D:5      | Entered Level 5 of the Dungeon
  2835 | D:5      | Reached skill level 5 in Fighting
  2898 | D:5      | Reached skill level 6 in Ranged Weapons
  3246 | D:5      | Reached XP level 7. HP: 21/61 MP: 9/9
  4144 | D:6      | Reached skill level 7 in Ranged Weapons
  4278 | D:6      | Noticed Blork the orc
  4288 | D:6      | Killed Blork the orc
  4289 | D:6      | Reached XP level 8. HP: 62/71 MP: 10/10
  4365 | D:4      | Bought a scarf of resistance for 352 gold pieces
  4430 | D:6      | Found a transporter.
  4454 | D:6      | Reached skill level 8 in Ranged Weapons
  4824 | D:6      | Found a transporter.
  4968 | D:6      | Noticed a kobold demonologist
  5030 | D:6      | Noticed an ice devil
  5103 | D:6      | Noticed a red devil
  5104 | D:6      | Killed a kobold demonologist
  5105 | D:6      | Reached XP level 9. HP: 60/81 MP: 11/11
  5337 | D:6      | Found a staircase to the Ecumenical Temple.
  5440 | D:7      | Reached skill level 9 in Ranged Weapons
  5634 | D:7      | Identified the ring of Linearity {rElec rF- AC+4 Str+3}
  6329 | D:8      | Noticed Joseph
  6344 | D:8      | Killed Joseph
  6345 | D:8      | Reached skill level 10 in Ranged Weapons
  7005 | D:8      | Noticed Erica
  7019 | D:8      | Killed Erica
  7020 | D:8      | Reached skill level 11 in Ranged Weapons
  7020 | D:8      | Reached XP level 10. HP: 91/91 MP: 13/13
  7097 | D:8      | Identified the +6 short sword of the Eggplant {freeze,
                  | rElec Int+2}
  7401 | D:9      | Found a transporter.
  7406 | D:9      | Found a transporter.
  7492 | D:9      | Found Lib Jia's Armour Shop.
  7516 | D:9      | Bought a +0 pair of gloves for 67 gold pieces
  7543 | D:9      | Found a transporter.
  7551 | D:9      | Found a transporter.
  7597 | D:9      | Reached skill level 10 in Fighting
  7706 | D:9      | Found a transporter.
  7717 | D:9      | Found a transporter.
  7858 | D:9      | Found Baufeuxas's Weapon Shop.
  7882 | D:9      | Found Ehovufa's Book Shop.
  7951 | D:9      | Found Kubori's Jewellery Shop.
  7975 | D:10     | Entered Level 10 of the Dungeon
  7994 | D:10     | Reached skill level 12 in Ranged Weapons
  8057 | D:10     | Found a staircase to the Lair.
  8368 | D:10     | Noticed Nergalle
  8380 | D:10     | a cane toad changed into an entropy weaver
  8380 | D:10     | Noticed an entropy weaver (shapeshifter)
  8600 | D:10     | You fall into a shaft and drop 2 floors!
  8612 | D:12     | Noticed a manticore
  8618 | D:12     | Killed a manticore
  8768 | D:12     | Identified the +2 shortbow of Gluttony {antimagic, Contam
                  | *Slow Fly rCorr}
  8780 | D:12     | Noticed a two-headed ogre
  8833 | D:12     | Noticed Snorg
  9046 | D:10     | Found a staircase to the Orcish Mines.
  9079 | D:10     | Identified a scroll of acquirement
  9079 | D:10     | Acquired a +4 hand cannon of draining
  9113 | D:10     | Reached XP level 11. HP: 101/101 MP: 14/14
  9225 | D:10     | Reached skill level 13 in Ranged Weapons
  9250 | D:10     | Killed Nergalle
  9682 | D:11     | Reached skill level 1 in Armour
  9783 | D:11     | Noticed a two-headed ogre
  9786 | D:11     | Killed a two-headed ogre
 10205 | Orc:1    | Entered Level 1 of the Orcish Mines
 10397 | Orc:2    | Entered Level 2 of the Orcish Mines
 10606 | Orc:2    | Found a staircase to the Elven Halls.
 10633 | Orc:2    | Reached skill level 14 in Ranged Weapons
 10638 | Orc:2    | Noticed an ettin
 10641 | Orc:2    | Noticed an ettin
 10675 | Orc:2    | Noticed an ettin
 10715 | Orc:2    | Noticed Donald
 10755 | Orc:2    | Found Onas's General Store.
 10774 | Orc:2    | Found Emypnug's Antique Armour Shop.
 10791 | Orc:2    | HP: 3/101 [cyclops/large rock (26)]
 10792 | Orc:2    | Demolished by Donald

Illustrated notes

Levels and vault maps discovered:
D:1:      spicycebolla_arrival_xxxplode, layout_rooms,
          shapermc_ecumenical_altar_mp_urbaneastern, item_on_display_a
D:2:      layout_loops_ring
D:3:      layout_basic, minmay_misc_feat_tiny, minivault_24,
          minmay_quadrilaterals
D:4:      layout_basic, vehumet_statue, nicolae_shop_sticking_my_neck_out
D:5:      layout_cave_pods, minmay_pentangle
D:6:      gammafunk_wand_slinger, layout_cave_pools, mainiacjoe_overflow_paths,
          minmay_temple_entry_overgrown, serial_glass, glass_columns_a,
          glass_columns_a, kennysheep_path_1, uniq_blork_the_orc
D:7:      layout_loops_corners, mainiacjoe_overflow_catch_the_wave,
          serial_shops, kennysheep_mini_moat, dk_noncrumbling_3
D:8:      layout_cave_pools, tso_metal_star, uniq_joseph, uniq_erica
D:9:      layout_loops_ring, serial_shops, nicolae_shop_peninsula,
          nicolae_shop_hallway_stairs, shop, shop, serial_nicolae_subway,
          nicolae_sub_station_crystal, nicolae_sub_station_metal,
          nicolae_sub_station_stone
D:10:     layout_loops_ring, lemuel_crystal_altar,
          chequers_temple_overflow_minitemple, erik_lair_island,
          hiddenorc1_lemuel, minmay_microvault, uniq_nergalle
D:11:     layout_loops_corners, grunt_ministairs_9
D:12:     layout_basic, tgw_fedhas, uniq_snorg
Orc:1:    layout_diamond_mine, basic_altar
Orc:2:    grunt_orc_gardens, layout_caves, grunt_orc_garden, grunt_orc_garden,
          grunt_orc_garden, grunt_orc_garden, basic_altar, bloody_makhleb,
          uniq_nessos, uniq_donald

Skill      XL: |  1  2  3  4  5  6  7  8  9 10 11 |
---------------+----------------------------------+-----
Fighting       | 2 3 4 5 6 8 9 10 | 10.9
Ranged Weapons | 4 5 6 7 8 11 12 14 | 14.3
Armour         | 3 |  3.9
Dodging        | |  1.7
Stealth        | |  0.8

Action                     |  1- 3 |  4- 6 |  7- 9 | 10-12 || total
---------------------------+-------+-------+-------+-------++-------
  Melee: Shortbow          |       |       |     2 |       ||     2
   Fire: Shortbow          |   142 |   216 |   307 |   244 ||   909
         Hand cannon       |       |       |       |   167 ||   167
  Throw: Dart              |       |     6 |       |       ||     6
  Evoke: Wand              |       |       |    10 |    11 ||    21
    Use: Scroll            |     3 |     2 |    10 |    22 ||    37
         Potion            |       |     3 |     1 |     1 ||     5
 Armour: Leather armour    |    37 |    64 |    74 |     1 ||   176
         Steam dragon scal |       |       |       |    35 ||    35
         Troll leather arm |       |       |       |    69 ||    69
  Dodge: Dodged            |    52 |    70 |    89 |    73 ||   284
  Block: Other             |       |       |     7 |    28 ||    35
         Reflection        |       |       |     2 |     6 ||     8

Table legend: (Time is in decaauts)
 A = Elapsed time spent in this place.
 B = Non-inter-level travel time spent in this place.
 C = Inter-level travel time spent in this place.
 D = Time resting spent in this place.
 E = Time spent auto-exploring this place.
 F = Levels seen in this place.
 G = Mean time per level.
                   A        B        C        D        E       F      G
               +--------+--------+--------+--------+--------+-----+--------+
         Total |  10838 |  10182 |    656 |    595 |   7655 |  14 |  774.1 |
       Dungeon |  10241 |   9660 |    581 |    559 |   7388 |  12 |  853.4 |
  Orcish Mines |    597 |    523 |     74 |     36 |    267 |   2 |  298.5 |
               +--------+--------+--------+--------+--------+-----+--------+

Top non-repeatable levels by time:
     D:5: 1526 daAuts
     D:6: 1099 daAuts
     D:4: 956 daAuts
    D:10: 952 daAuts
     D:7: 915 daAuts
    D:11: 910 daAuts
     D:9: 878 daAuts
     D:8: 842 daAuts
     D:2: 667 daAuts
     D:1: 613 daAuts
     D:3: 590 daAuts
   Orc:1: 329 daAuts
    D:12: 287 daAuts
   Orc:2: 267 daAuts
